 Dungeon Crawl Stone Soup version 0.31-a0-496-g6f97920a28 (webtiles) character file.

Game seed: 11049557173921472571

1618 Zonian the Ruffian (level 8, -1/51 HPs)
             Began as an Octopode Shapeshifter on Aug 9, 2023.
             Was a Believer of Hepliaklqana.
             Killed from afar by an acid dragon (23 damage)
             ... with a splash of acid
             ... on level 6 of the Dungeon.
             The game lasted 00:11:09 (6971 turns).

Zonian the Ruffian (Octopode Shapeshifter)          Turns: 6971, Time: 00:11:09

Health: -1/51      AC: -3    Str: 16    XL:     8   Next: 96%
Magic:  8/8        EV: 14    Int: 10    God:    Hepliaklqana [**....]
Gold:   143        SH:  5    Dex: 13    Spells: 7/7 levels left

rFire   . .          .
                       - Unarmed
rCold   . . .        (no shield)
rNeg    + . .        (helmet currently unavailable)
rPois   .            p - amulet of reflection
rElec   .            h - ring of positive energy
rCorr   .            (no ring)
SInv    .            (no ring)
Will    .....        (no ring)
Stlth   ++           (no ring)
HPRegen 0.28/turn    (no ring)
MPRegen 0.11/turn    (no ring)
                     (no ring)

%: reflection
@: beast-form, corroded, studying Ice Magic
A: beast (slay +3), reduced essence, almost no armour, amphibious, 8 rings,
camouflage 1, gelatinous body 1, (nimble swimmer 1), tentacles
a: Begin Untransformation, Renounce Religion, Recall Ancestor, Ancestor Identity


You were on level 6 of the Dungeon.
You worshipped Hepliaklqana.
Hepliaklqana was pleased with you.
You were a hulking beast.
You visited 1 branch of the dungeon, and saw 6 of its levels.

You collected 269 gold pieces.
You spent 126 gold pieces at shops.

Inventory:

Jewellery
 h - a ring of positive energy (left tentacle)
 p - an amulet of reflection (around mantle)
Talismans
 b - a beast talisman (active)
 c - a flux talisman
Scrolls
 d - a scroll of teleportation
Potions
 a - a potion of lignification
 e - 6 potions of curing
 f - a potion of magic
 j - a potion of mutation
 l - a potion of attraction
 n - a potion of degeneration {unknown}
 q - a potion of might {unknown}


   Skills:
 + Level 6.1 Fighting
 - Level 3.4 Dodging
 + Level 6.8 Unarmed Combat
 + Level 5.9 Shapeshifting


You had 7 spell levels left.
You didn't know any spells.
Your spell library contained the following spells:

 Spells                   Type           Power      Damage    Failure   Level
 Shock                    Conj/Air       0%         1d3       36%         1
 Ozocubu's Armour         Ice            0%         N/A       75%         3
 Swiftness                Air            0%         N/A       75%         3
 Airstrike                Air            0%         2d(0-16)  98%         4
 Metabolic Englaciation   Hex/Ice        0%         N/A       100%        5
 Simulacrum               Ice/Necr       0%         N/A       100%        6


Dungeon Overview and Level Annotations

Branches:
Dungeon (6/15)
 Temple: D:4-7

Altars:
Hepliaklqana
The Shining One

Shops:
D:4 !

Annotations:
D:6 Dowan, Duvessa


Innate Abilities, Weirdness & Mutations

You are a hulking beast.
Your limbs bulge with bestial killing power. (Slay +3)
Your life essence is reduced to manifest your ancestor. (-10% HP)
You cannot wear most types of armour.
You are amphibious.
You can wear up to eight rings at the same time.
Your skin changes colour to match your surroundings (Stealth+).
Your rubbery body absorbs attacks. (AC +1, EV +1)
((You are camouflaged when in or above water. (Stealth+)))
You have tentacles for arms and can constrict up to eight enemies at once.


Message History

Found 55 gold pieces.
A sleepcap comes into view.
Things that are here:
a +0 giant spiked club; an ogre corpse
Found 27 gold pieces.
There is a stone staircase leading down here.
You swap places.
Pickles gestures at the sleepcap while chanting.
The sleepcap resists with significant effort.
Things that are here:
a +0 giant spiked club; an ogre corpse Pickles hits the sleepcap with a +0 dagger of draining.
Pickles drains the sleepcap.
A sleepcap is nearby!
A sleepcap is nearby!
Unknown command.
Pickles hits the sleepcap with a +0 dagger of draining!
Pickles hits the sleepcap with a +0 dagger of draining.
Pickles drains the sleepcap.
Pickles hits the sleepcap with a +0 dagger of draining.
Pickles hits the sleepcap but does no damage.
Pickles drains the sleepcap.
Things that are here:
a +0 giant spiked club; an ogre corpse Pickles completely misses the sleepcap.
The sleepcap releases spores at you.
A splash of acid appears from out of your range of vision.
The splash of acid hits Pickles!!
The acid corrodes Pickles!
Pickles is destroyed!
There is a stone staircase leading down here.
Unknown command.
An acid dragon comes into view.
The sleepcap barely misses you. The acid dragon spits acid at you.
The splash of acid hits you! The acid corrodes you!
The sleepcap attacks as you move away! The sleepcap completely misses you.
You bludgeon the sleepcap!
You destroy the sleepcap!
The acid dragon spits acid at you. The splash of acid hits you!!
You die...

## #.##.# #.###..#.# #.#..#
.....P...#.#.#..
#..$$$PD.#.#.#..
#.P$$$...#.#.#.#
#..$$$...#...#.# ####
#.P.P.P#.#####.# .##
#.......h......# ## ###
#...##....##...# #. ## # #.
#.##>)..#.####.# ### #.
#.#######..##..# #.. #######
#. #.# #.....####R# ......
#.##.# #.######...# #########
#....# #.# #..###
........########### #.# #.##
#######.##........####.#####.#


You could see an acid dragon (catching breath).

Vanquished Creatures
  Sigmund (D:2)
  Eustachio (D:6)
  Edmund (D:6)
  An ogre (D:6)
  A centaur (D:6)
  3 scorpions
  A bullfrog (D:6)
  A jelly (D:4)
  A hound (D:5)
  2 iguanas
  A gnoll bouda (D:5)
  A sleepcap (D:6)
  Natasha (thrice) (D:3)
  An orc wizard (D:3)
  10 gnolls
  12 adders
  An ufetubus (D:5)
  A dart slug (D:2)
  13 orcs
  8 endoplasms
  3 giant cockroaches
  8 goblins
  8 hobgoblins
  6 jackals
  7 kobolds
  3 quokkas
  7 ball pythons
  11 bats
  6 frilled lizards
  4 rats
127 creatures vanquished.

Vanquished Creatures (collateral kills)
  An ice beast (D:5)
  A phantom (D:6)
  A sleepcap (D:6)
  An orc wizard (D:5)
  A gnoll (D:4)
  An orc (D:5)
  A hobgoblin (D:4)
  A ball python (D:4)
8 creatures vanquished.

Vanquished Creatures (others)
  A hexer (D:6)
1 creature vanquished.

Grand Total: 136 creatures vanquished

Notes
Turn   | Place    | Note
-------+----------+-------------------------------------------
     0 | D:1      | Zonian the Octopode Shapeshifter began the quest for the
                  | Orb.
     0 | D:1      | Reached XP level 1. HP: 13/13 MP: 1/1
   193 | D:1      | Reached XP level 2. HP: 14/18 MP: 2/2
   605 | D:1      | Reached XP level 3. HP: 19/23 MP: 3/3
  1013 | D:2      | Noticed Sigmund
  1020 | D:2      | Killed Sigmund
  1021 | D:2      | Reached XP level 4. HP: 17/30 MP: 4/4
  1021 | D:2      | Reached XP level 5. HP: 20/35 MP: 5/5
  1345 | D:2      | HP: 1/36 [gnoll/+0 whip (3)]
  1348 | D:2      | Reached XP level 6. HP: 14/41 MP: 6/6
  2658 | D:3      | Found a faded altar of an unknown god.
  2688 | D:3      | Noticed Natasha
  2704 | D:3      | Prayed at the altar of an unknown god.
  2704 | D:3      | Became a worshipper of Hepliaklqana the Forgotten
  2704 | D:3      | Reached * piety under Hepliaklqana
  2822 | D:3      | Killed Natasha
  2971 | D:3      | Noticed Natasha
  2976 | D:3      | Killed Natasha
  3186 | D:3      | Noticed Natasha
  3193 | D:3      | Killed Natasha
  3344 | D:3      | Found a glowing golden altar of the Shining One.
  3708 | D:4      | Found Wuuv's Distillery.
  3713 | D:4      | Bought a potion of curing for 42 gold pieces
  3713 | D:4      | Bought a potion of curing for 42 gold pieces
  3713 | D:4      | Bought a potion of curing for 42 gold pieces
  3733 | D:4      | Reached XP level 7. HP: 41/41 MP: 7/7
  3859 | D:4      | Reached ** piety under Hepliaklqana
  3860 | D:4      | Remembered your ancestor Pickles as a hexer
  3940 | D:4      | Reached skill level 5 in Unarmed Combat
  4602 | D:4      | Identified a scroll of acquirement
  4602 | D:4      | Acquired a manual of Ice Magic
  4631 | D:5      | Entered Level 5 of the Dungeon
  5450 | D:5      | Reached XP level 8. HP: 19/48 MP: 8/8
  5574 | D:5      | Reached skill level 5 in Shapeshifting
  5682 | D:5      | Reached skill level 5 in Fighting
  5802 | D:5      | Identified the +2 ring mail "Wicoi" {Harm Regen+}
  5838 | D:6      | Noticed Eustachio
  5846 | D:6      | Killed Eustachio
  6371 | D:6      | Noticed Dowan
  6373 | D:6      | Noticed Duvessa
  6653 | D:6      | Noticed Edmund
  6670 | D:6      | Killed Edmund
  6971 | D:6      | Killed from afar by an acid dragon

Illustrated notes

Levels and vault maps discovered:
D:1:      giann_bridges, layout_basic, serial_bayou_crossing
D:2:      layout_rooms, minmay_vboxes, uniq_sigmund
D:3:      layout_basic, nicolae_tso_swordbearing_angel, basic_ecumenical_altar,
          uniq_natasha
D:4:      old_forge, layout_basic, serial_shops, nicolae_shop_hallway_plus
D:5:      minmay_inner_zag, layout_cave_pools
D:6:      layout_basic, minmay_temple_entry_butterflies,
          serial_co_window_serial, co_window_paths_b, co_window_paths_b,
          co_window_corner_a, co_window_of_opportunity_a, co_window_paths_a,
          co_window_of_opportunity_a, co_window_cross_1, co_window_paths_a,
          co_window_corner_a, co_window_broadway_a, co_window_of_opportunity_b,
          co_window_of_opportunity_b, co_window_broadway_c, co_window_sun,
          glass_columns_c, glass_columns_a, glass_columns_a, glass_columns_c,
          glass_columns_b, nrook_mini_backslash, minmay_gold_behind_fungi,
          minmay_misc_feat_diagonals, uniq_edmund, uniq_duvessa, uniq_eustachio

Skill      XL: |  1  2  3  4  5  6  7  8 |
---------------+-------------------------+-----
Fighting       | 2 3 4 6 |  6.1
Dodging        | 3 |  3.4
Unarmed Combat | 4 5 6 |  6.8
Shapeshifting  | 4 5 |  5.9

Action                     |  1- 3 |  4- 6 |  7- 9 || total
---------------------------+-------+-------+-------++-------
  Melee: Unarmed           |    68 |    88 |   102 ||   258
         Tentacles         |    13 |    18 |    31 ||    62
         Constrict         |    15 |    22 |    29 ||    66
         Punch             |       |     3 |     7 ||    10
 Invoke: Ancestor Identity |       |     1 |       ||     1
         Recall Ancestor   |       |       |     1 ||     1
         Ancestor Life: He |       |       |     1 ||     1
    Use: Potion            |       |     1 |     1 ||     2
         Scroll            |       |     4 |     8 ||    12
   Stab: Sleeping          |     5 |     7 |     2 ||    14
         Confused          |       |       |     2 ||     2
 Armour: Skin              |     3 |     1 |     4 ||     8
  Dodge: Dodged            |    36 |    48 |    47 ||   131
  Block: Other             |       |     6 |    13 ||    19
         Reflection        |       |     1 |       ||     1

Table legend: (Time is in decaauts)
 A = Elapsed time spent in this place.
 B = Non-inter-level travel time spent in this place.
 C = Inter-level travel time spent in this place.
 D = Time resting spent in this place.
 E = Time spent auto-exploring this place.
 F = Levels seen in this place.
 G = Mean time per level.
                   A        B        C        D        E       F      G
               +--------+--------+--------+--------+--------+-----+--------+
         Total |   6964 |   6757 |    207 |   2298 |   3518 |   6 | 1160.7 |
       Dungeon |   6964 |   6757 |    207 |   2298 |   3518 |   6 | 1160.7 |
               +--------+--------+--------+--------+--------+-----+--------+

Top non-repeatable levels by time:
     D:3: 1715 daAuts
     D:4: 1409 daAuts
     D:1: 1348 daAuts
     D:6: 1128 daAuts
     D:5: 765 daAuts
     D:2: 596 daAuts
